 Dungeon Crawl Stone Soup version 0.29.1-15-g9cfb28693d (webtiles) character file.

Game seed: 3681851569213603504

648 adizb the Covered (level 7, -4/44 HPs)
             Began as a Tengu Fighter on Apr 23, 2023.
             Slain by Pikel
             ... wielding a +1 whip of electrocution
              (7 damage)
             ... on level 4 of the Dungeon.
             The game lasted 00:11:40 (3784 turns).

adizb the Covered (Tengu Fighter)                   Turns: 3784, Time: 00:11:44

Health: -4/44      AC:  9    Str: 17    XL:     7   Next: 53%
Magic:  8/8        EV: 13    Int:  8    God:
Gold:   265        SH:  6    Dex: 15    Spells: 6/6 levels left

rFire   + . .      SeeInvis .   a - +0 long sword
rCold   . . .      Faith    .   c - +1 buckler
rNeg    . . .      Spirit   .   b - +0 scale mail
rPois   .          Reflect  .   (helmet restricted)
rElec   .          Harm     .   n - +0 cloak
rCorr   +          Rampage  .   r - +0 pair of gloves
Will    .....                   (boots unavailable)
Stlth   ..........              (no amulet)
HPRegen 0.14/turn               l - ring of protection from fire
MPRegen 0.11/turn               j - ring of resist corrosion

@: flying quickly and evasively, quick
A: beak, talons 3, nimble flight
a: no special abilities


You were on level 4 of the Dungeon.
You visited 1 branch of the dungeon, and saw 4 of its levels.

You collected 265 gold pieces.

Inventory:

Hand Weapons
 a - a +0 long sword (weapon)
 i - a +2 short sword of venom
Armour
 b - a +0 scale mail (worn)
 c - a +1 buckler (worn)
 n - a +0 cloak (worn)
 r - a +0 pair of gloves (worn)
Jewellery
 d - a ring of magical power
 h - a +6 ring of strength
 j - a ring of resist corrosion (right hand)
 l - a ring of protection from fire (left hand)
Wands
 q - a wand of flame (18)
Scrolls
 o - a scroll of magic mapping {unknown}
Potions
 e - a potion of mutation {unknown}
 f - 2 potions of cancellation {unknown}
 g - 2 potions of heal wounds {unknown}
 k - 2 potions of curing {unknown}
 m - 2 potions of attraction {unknown}
 p - a potion of magic {unknown}


   Skills:
 + Level 4.4 Fighting
 + Level 4.0 Long Blades
 + Level 4.8 Armour
 * Level 4.7 Dodging
 + Level 4.3 Shields


You had 6 spell levels left.
You didn't know any spells.
Your spell library contained the following spells:

 Spells                   Type           Power      Damage    Failure   Level
 Ozocubu's Armour         Ice            0%         N/A       99%         3
 Summon Lightning Spire   Summ/Air       0%         N/A       100%        4
 Ozocubu's Refrigeration  Ice            0%         4d7       100%        7
 Storm Form               Tmut/Air       0%         N/A       100%        7
 Maxwell's Capacitive Co  Air            0%         ∞         100%        8


Dungeon Overview and Level Annotations

Branches:
Dungeon (4/15)
 Temple: D:4-7

Altars:
Kikubaaqudgha
Vehumet

Annotations:
D:4 Pikel


Innate Abilities, Weirdness & Mutations

You have a beak for a mouth.
You have claws for feet.
Your magical nature lets you fly swiftly and evasively.


Message History

You closely miss the lemure. Your peck misses the lemure.
The lemure barely misses you.
You hit the lemure.
The lemure is lightly wounded.
The lemure hits you!
You hit the lemure but do no damage. You claw the lemure. You peck the lemure.
The lemure is heavily wounded.
The lemure hits you.
You slash Pikel! Your kick misses Pikel.
Pikel is moderately wounded.
Pikel hits you with a +1 whip of electrocution.
You block Pikel's attack.
You slash Pikel! You claw Pikel, but do no damage.
Pikel is heavily wounded.
Pikel hits you with a +1 whip of electrocution.
You barely miss Pikel. You claw Pikel.
Pikel is heavily wounded.
Pikel barely misses you.
You barely miss Pikel. You claw Pikel. Your peck misses Pikel.
Pikel is heavily wounded.
Pikel hits you but does no damage.
You closely miss Pikel. Your kick misses Pikel.
Pikel is heavily wounded.
Pikel closely misses you. You block Pikel's attack.
You closely miss Pikel.
Pikel is heavily wounded.
Pikel hits you with a +1 whip of electrocution.
You closely miss Pikel. You peck Pikel, but do no damage.
Pikel is heavily wounded.
Pikel hits you but does no damage.
You hit Pikel. You claw Pikel.
Pikel is severely wounded.
Pikel misses you.
You barely miss Pikel. You claw Pikel, but do no damage.
Pikel is severely wounded.
Pikel hits you with a +1 whip of electrocution!
You are electrocuted!
* * * LOW HITPOINT WARNING * * *
Pikel hits you with a +1 whip of electrocution!
You die...

#.. ##..... ..## ##.. ..
..<.... ..# #.. .......
#.#########..
#..?...###.........#.. ## #.#
#...##.........##. ###...###
.## #5...........##. #....
....##..####55......)...###
..### #...#.##.K5##.......<.# #
....# #.....@####.........# #
###.#######....### #.........#
# #.......#.#.## #..########
######......#.##### ##.## ####
...........##.....####..####..#
...######.....................#
.####...##.###.##.#####.####..#
..##...>.#...#.##.# #.# #..#
#.........##....#.### #.# ####


You could see Pikel and 4 lemures.

Vanquished Creatures
  Grinder (D:4)
  2 black bears (D:4)
  A vampire bat (D:4)
  Crazy Yiuf (D:2)
  Jessica (D:2)
  Ijyb (D:4)
  Natasha (thrice) (D:3)
  2 adders
  2 white imps (D:3)
  2 worms (D:2)
  An orc (D:4)
  4 ball pythons
  2 bats
  4 bat skeletons (D:4)
  A bat zombie (D:4)
  3 endoplasms
  2 giant cockroaches
  3 goblins
  8 hobgoblins
  5 kobolds
  A quokka (D:1)
  3 frilled lizards
  6 rats
59 creatures vanquished.

Notes
Turn   | Place    | Note
-------+----------+-------------------------------------------
     0 | D:1      | adizb the Tengu Fighter began the quest for the Orb.
     0 | D:1      | Reached XP level 1. HP: 14/14 MP: 2/2
   240 | D:1      | Reached XP level 2. HP: 19/19 MP: 3/3
   400 | D:1      | Reached skill level 1 in Dodging
   806 | D:2      | Found a faded altar of an unknown god.
   831 | D:2      | Reached XP level 3. HP: 20/23 MP: 4/4
  1095 | D:2      | Noticed Jessica
  1105 | D:2      | Killed Jessica
  1106 | D:2      | Reached XP level 4. HP: 12/28 MP: 5/5
  1441 | D:2      | Found a runed translucent door.
  1442 | D:2      | Noticed Crazy Yiuf
  1924 | D:3      | Found a radiant altar of Vehumet.
  1945 | D:3      | Noticed Natasha
  1950 | D:3      | Killed Natasha
  2384 | D:3      | Gained mutation: Your magical nature lets you fly swiftly
                  | and evasively. [Tengu growth]
  2384 | D:3      | Reached XP level 5. HP: 11/32 MP: 6/6
  2725 | D:3      | Noticed Natasha
  2735 | D:3      | Killed Natasha
  3114 | D:2      | Killed Crazy Yiuf
  3195 | D:3      | Noticed Natasha
  3203 | D:3      | Killed Natasha
  3262 | D:4      | Noticed Grinder
  3275 | D:4      | Killed Grinder
  3276 | D:4      | Reached XP level 6. HP: 26/38 MP: 7/7
  3421 | D:4      | Noticed a black bear
  3426 | D:4      | Killed a black bear
  3427 | D:4      | Reached XP level 7. HP: 43/43 MP: 8/8
  3538 | D:4      | Noticed Ijyb
  3548 | D:4      | Killed Ijyb
  3644 | D:4      | Found an ancient bone altar of Kikubaaqudgha.
  3762 | D:4      | Noticed Pikel
  3784 | D:4      | Slain by Pikel

Illustrated notes

Levels and vault maps discovered:
D:1:      dpeg_arrival_water_fire, layout_basic, corner_web_ring,
          minmay_misc_feat_rugged
D:2:      layout_loops_ring, shapermc_ecumenical_altar_mp_highgroup,
          nicolae_underground_beach, uniq_jessica, uniq_crazy_yiuf_cottage
D:3:      layout_basic, mainiacjoe_overflow_alcove_4, uniq_natasha
D:4:      layout_rooms, kennysheep_vampire_church, serial_curves,
          eino_curves_04, eino_curves_01, minivault_1, uniq_ijyb, uniq_pikel,
          uniq_grinder

Skill      XL: |  1  2  3  4  5  6  7 |
---------------+----------------------+-----
Dodging        | 1 2 3 4 |  4.7
Long Blades    | 3 4 |  4.0
Armour         | 4 |  4.8
Fighting       | 4 |  4.4
Shields        | 4 |  4.3

Action                   |  1- 3 |  4- 6 |  7- 9 || total
-------------------------+-------+-------+-------++-------
Melee: Long sword        |    68 |    62 |    50 ||   180
       Peck              |    12 |    12 |    11 ||    35
       Kick              |    14 |    18 |    20 ||    52
  Use: Scroll            |       |     4 |       ||     4
       Potion            |       |     1 |       ||     1
 Stab: Distracted        |       |       |     1 ||     1
Armor: Scale mail        |    11 |    20 |    28 ||    59
Dodge: Dodged            |    31 |    30 |    43 ||   104
Block: Buckler           |    13 |    11 |    21 ||    45
